 Dungeon Crawl Stone Soup version 0.31.0-1-g2c135a008e (webtiles) character file.

Game seed: 4167744519843348231

175 GreatBamboolord the Digger (level 5, 0/29 HPs)
             Began as a Gargoyle Earth Elementalist on Jan 20, 2024.
             Slain by an iguana (8 damage)
             ... on level 3 of the Dungeon.
             The game lasted 00:07:36 (2974 turns).

GreatBamboolord the Digger (GrEE)                   Turns: 2974, Time: 00:07:36

Health: 0/29       AC:  6    Str:  8 (11) XL:     5   Next: 55%
Magic:  5/9        EV: 12    Int: 17 (18) God:
Gold:   172        SH:  0    Dex:  9 (10) Spells: 5/9 levels left

rFire   . . .        p - +1 short sword "Exaruu" {heavy, +Blink Will+}
rCold   . . .        (no shield)
rNeg    + . .        a - +0 robe
rPois   ∞            (no helmet)
rElec   +            (no cloak)
rCorr   .            (no gloves)
SInv    .            (no boots)
Will    +....        (no amulet)
Stlth   ++           (no ring)
HPRegen 0.24/turn    (no ring)
MPRegen 0.11/turn

%: no passive effects
@: studying Stealth
A: sickness immunity, AC +4, negative energy resistance 1, electricity
resistance, torment resistance 1, petrification resistance
a: Evoke Blink


You were on level 3 of the Dungeon.
You visited 1 branch of the dungeon, and saw 3 of its levels.

You collected 172 gold pieces.

Inventory:

Hand Weapons
 p - the +1 short sword "Exaruu" (weapon) {heavy, +Blink Will+}
   (You found it on level 2 of the Dungeon)

   Will+:     It increases your willpower.
   +Blink:    It lets you blink.
Armour
 a - a +0 robe (worn)
Scrolls
 b - a scroll of enchant armour {unknown}
 g - a scroll of teleportation {unknown}
 h - 3 scrolls of enchant weapon
 i - a scroll of fear {unknown}
 k - a scroll of identify {unknown}
 n - a scroll of fog {unknown}
Potions
 l - a potion of attraction {unknown}
 m - a potion of curing {unknown}
 o - a potion of mutation {unknown}


   Skills:
 + Level 1.4 Fighting
 + Level 2.0 Dodging
 + Level 3.3 Stealth
 * Level 2.8 Spellcasting
 * Level 3.0 Conjurations
 * Level 4.6 Earth Magic


You had 5 spell levels left.
You knew the following spells:

 Your Spells              Type           Power      Damage    Failure   Level
a - Sandblast             Erth           36%        2d10      2%          1
b - Passwall              Erth           18%        N/A       8%          3

Your spell library contained the following spells:

 Spells                   Type           Power      Damage    Failure   Level
 Sting                    Conj/Alch      28%        1d4       10%         1
 Stone Arrow              Conj/Erth      30%        3d8       11%         3
 Static Discharge         Conj/Air       14%        3-4/arc   14%         2
 Apportation              Tloc           4%         N/A       19%         1
 Necrotise                Necr           8%         1d4       19%         1
 Slow                     Hex            8%         N/A       19%         1
 Summon Small Mammal      Summ           8%         N/A       19%         1
 Brom's Barrelling Bould  Conj/Erth      15%        2d4       36%         4
 Confusing Touch          Hex            2%         N/A       47%         3
 Sigil of Binding         Hex            2%         N/A       47%         3
 Vampiric Draining        Necr           2%         2d6       47%         3
 Petrify                  Alch/Erth      10%        N/A       56%         4
 Iskenderun's Battlesphe  Conj           12%        2d7       80%         5
 Airstrike                Air            1%         2d(1-17)  87%         4
 Ignite Poison            Fire/Alch      2%         N/A       87%         4
 Summon Lightning Spire   Summ/Air       2%         N/A       87%         4
 Fireball                 Conj/Fire      3%         3d4       95%         5
 Freezing Cloud           Conj/Ice/Air   2%         6-21      97%         5
 Conjure Ball Lightning   Conj/Air       3%         3x3d6     100%        6
 Orb of Destruction       Conj           6%         9d6       100%        7
 Cigotuvi's Dreadful Rot  Necr/Alch/Air  Unusable   N/A       N/A         2

Dungeon Overview and Level Annotations

Branches:
Dungeon (3/15)

Altars:
Kikubaaqudgha
Ru
The Shining One


Innate Abilities, Weirdness & Mutations

You are immune to sickness and miasma.
Your stone body is resilient. (AC +4)
You are immune to poison.
You resist negative energy. (rN+)
You are resistant to electric shocks. (rElec)
You are resistant to unholy torment.
You are immune to petrification.


Message History

You can't see any susceptible monsters within range! (Use Z to cast anyway.)
You can't see any susceptible monsters within range! (Use Z to cast anyway.)
Found a stone staircase leading down.
A kobold comes into view. It is wielding a +0 short sword.
A kobold is nearby!
An iguana comes into view.
The iguana hisses angrily.
The blast of sand hits the iguana but does no damage.
The kobold shouts!
The iguana bites you.
The blast of sand hits the iguana.
The iguana is moderately wounded.
The iguana barely misses you.
The blast of sand misses the iguana.
The iguana bites you. The iguana barely misses you.
The blast of sand hits the iguana!
The iguana is severely wounded.
The iguana bites you!
The blast of sand hits the iguana but does no damage.
The iguana is severely wounded.
The iguana bites you!
* * * LOW HITPOINT WARNING * * *
The kobold barely misses you. The kobold misses you.
The iguana barely misses you.
You are too injured to fight recklessly!
Unknown command.
The iguana attacks as it pursues you! The iguana barely misses you.
It was a potion of degeneration.
There was something very wrong with that liquid.
You feel weakened.
You feel dopey.
You feel clumsy.
Okay, then.
It was a potion of enlightenment.
You feel very buoyant.
You fly up into the air.
The iguana misses you. The kobold misses you.
It was a potion of cancellation.
Your magical effects are unravelling.
You feel magically purged.
You float gracefully downwards.
Your enlightenment fades.
The iguana bites you!
You die...

#.# #.#### #....#
#.####.##.##
#..........# .
######.##..#
...##############.##..#
.......K..........##..#
.###.l@....>........#
#.....##############.###
..##### #.... #####
#.... #.### # # #


You could see an iguana and a kobold.

Vanquished Creatures
  2 orc wizards (D:3)
  2 adders
  A dart slug (D:1)
  A ribbon worm (D:2)
  14 orcs (D:3)
  4 ball pythons
  8 endoplasms
  4 giant cockroaches
  6 goblins
  6 hobgoblins
  6 jackals
  6 quokkas
  5 bats
  5 frilled lizards
  9 kobolds
  4 rats
  5 butterflies (D:1)
88 creatures vanquished.

Notes
Turn   | Place    | Note
-------+----------+-------------------------------------------
     0 | D:1      | GreatBamboolord the Gargoyle Earth Elementalist began the
                  | quest for the Orb.
     0 | D:1      | Reached XP level 1. HP: 10/10 MP: 3/3
   128 | D:1      | Reached XP level 2. HP: 15/15 MP: 3/5
   460 | D:1      | Reached XP level 3. HP: 20/20 MP: 1/6
   464 | D:1      | Learned a level 3 spell: Passwall
   727 | D:1      | Reached skill level 4 in Earth Magic
  1783 | D:2      | Reached XP level 4. HP: 24/24 MP: 4/7
  2104 | D:2      | Identified the +1 short sword "Exaruu" {heavy, +Blink
                  | Will+}
  2307 | D:3      | Reached skill level 1 in Fighting
  2442 | D:3      | Reached XP level 5. HP: 17/29 MP: 1/8
  2602 | D:3      | Found an ancient bone altar of Kikubaaqudgha.
  2608 | D:3      | Found a glowing golden altar of the Shining One.
  2630 | D:3      | Found a sacrificial altar of Ru.
  2974 | D:3      | Slain by an iguana

Illustrated notes

Levels and vault maps discovered:
D:1:      sevenhm_arrival_forest_fort_large_2, layout_loops_ring,
          serial_aquarium, aquarium_bridge_straight [aquarium_subvault_bridge,
          aquarium_subvault_balcony, aquarium_subvault_bridge,
          aquarium_subvault_window], aquarium_bridge_long_joined
          [aquarium_subvault_bridge, aquarium_subvault_window,
          aquarium_subvault_bridge, aquarium_subvault_bridge,
          aquarium_subvault_window, aquarium_subvault_window],
          aquarium_window_fake, aquarium_window_fake, aquarium_view_2d,
          aquarium_view_2f, aquarium_balcony_3b, aquarium_pool_1, nicolae_titane
D:2:      layout_rooms
D:3:      layout_loops_ring, grunt_temple_overflow_open,
          nicolae_ru_path_of_blood, grunt_ministairs_6, minmay_diced_spiral,
          uniq_jessica

Skill      XL: |  1  2  3  4  5 |
---------------+----------------+-----
Earth Magic    | 4 |  4.6
Conjurations   | 2 3 |  3.0
Fighting       | 1 |  1.4
Stealth        | 3 |  3.3
Dodging        | 2 |  2.0
Spellcasting   | |  2.8

Action                     |  1- 3 |  4- 6 || total
---------------------------+-------+-------++-------
  Melee: Club              |    62 |       ||    62
         Punch             |     1 |       ||     1
         Short sword       |       |     8 ||     8
   Cast: Sandblast         |    50 |    71 ||   121
         Passwall          |     8 |       ||     8
    Use: Potion            |       |     4 ||     4
         Scroll            |       |     1 ||     1
 Armour: Robe              |    16 |    50 ||    66
  Dodge: Dodged            |    17 |    37 ||    54
